 Dungeon Crawl Stone Soup version 0.23.2-1-ga50397a (webtiles) character file.

Game seed: 7985698198229446983

41 Kairos the Grave Robber (level 3, 0/24 (26) HPs)
             Began as a Ghoul Necromancer on Apr 24, 2019.
             Slain by an adder (2 damage)
             ... on level 1 of the Dungeon.
             The game lasted 00:02:48 (1460 turns).

Kairos the Grave Robber (Ghoul Necromancer)         Turns: 1460, Time: 00:02:49

HP:   0/24 (26)     AC:  2    Str: 11    XL:     3   Next: 52%
MP:   1/4           EV: 12    Int: 11    God:
Gold: 48            SH:  0    Dex:  9    Spells: 4/5 levels left

rFire    . . .     SeeInvis .     - Unarmed
rCold    + . .     Gourm    .   (no shield)
rNeg     + + +     Faith    .   a - +0 robe
rPois    ∞         Spirit   .   (no helmet)
rElec    .         Reflect  .   (no cloak)
rCorr    .         Harm     .   (no gloves)
MR       .....                  (no boots)
Stlth    ++........             (no amulet)
HPRegen  0.00/turn              (no ring)
MPRegen  0.09/turn              (no ring)

@: rotting
A: rotting body, claws 1, carnivore, cold resistance 1, negative energy
resistance 3, inhibited regeneration, torment resistance, unbreathing
a: no special abilities


You were on level 1 of the Dungeon.
You were not hungry.

You visited 1 branch of the dungeon, and saw 2 of its levels.

You collected 48 gold pieces.

Inventory:

Armour
 a - a +0 robe (worn)
Scrolls
 b - 3 scrolls of identify {unknown}
 d - a scroll of teleportation {unknown}
 h - a scroll of amnesia {unknown}
Potions
 e - a potion of brilliance {unknown}
 f - a potion of might {unknown}
 g - a potion of flight {unknown}
Comestibles
 c - 2 rations


   Skills:
 + Level 0.2 Fighting
 + Level 2.0 Dodging
 + Level 2.3 Stealth
 + Level 1.5 Unarmed Combat
 + Level 1.8 Spellcasting
 + Level 4.6 Necromancy


You had 4 spell levels left.
You knew the following spells:

 Your Spells              Type           Power        Failure   Level  Hunger
a - Pain                  Necr           ##..         4%          1    ##.....

Your spell library contained the following spells:

 Spells                   Type           Power        Failure   Level  Hunger
 Animate Skeleton         Necr           N/A          4%          1    ##.....
 Vampiric Draining        Necr           ##........   13%         3    ####...
 Regeneration             Chrm/Necr      #.........   34%         3    ####...
 Animate Dead             Necr           N/A          41%         4    #####..


Dungeon Overview and Level Annotations

Branches:
Dungeon (2/15)

Altars:


Innate Abilities, Weirdness & Mutations

Your body is rotting away.
You thrive on raw meat.
You are immune to poison.
You have sharp fingernails.
You are carnivorous and can eat meat at any time.
Your flesh is cold resistant. (rC+)
You are immune to negative energy. (rN+++)
You do not regenerate when monsters are visible.
You are immune to unholy pain and torment.
You can survive without breathing.


Message History

You climb upwards.
There is a stone staircase leading down here.
You closely miss the adder. The adder closely misses you.
You barely miss the adder. The adder barely misses you.
You scratch the adder but do no damage. The adder barely misses you. x2
You scratch the adder.
The adder is heavily wounded.
The adder bites you.
* * * LOW HITPOINT WARNING * * *
You closely miss the adder.
The adder is heavily wounded.
The adder barely misses you.
You closely miss the adder.
The adder is heavily wounded.
The adder bites you.
* * * LOW HITPOINT WARNING * * *
You barely miss the adder.
The adder is heavily wounded.
The adder bites you.
You die...

#....#.#...########.#.#
#.######
#....#.##.#########.#+###.#
#.####.##..............##.#
##.####.##########÷.....##.#
.................)......##.#
##.######.########......##)#
##....)..........#......##.#
#########..###.#.####......#
................@# #......#
##########.###.#S# #......#
#..##.#[# #......# ##.##.#.#
######.# #..#÷#.# #.#
##.#.#.# #.# #...#.# #.#
##..#.#### #.# #..#....# #.#


You could see an adder.

Vanquished Creatures
  An ooze (D:2)
  A dart slug (D:1)
  3 bats (D:1)
  A giant cockroach (D:1)
  5 goblins (D:1)
  6 hobgoblins (D:1)
  3 jackals (D:1)
  4 kobolds (D:1)
  A frilled lizard (D:1)
  5 rats (D:1)
30 creatures vanquished.

Notes
Turn   | Place    | Note
-------+----------+-------------------------------------------
     0 | D:1      | Kairos the Ghoul Necromancer began the quest for the Orb.
     0 | D:1      | Reached XP level 1. HP: 14/14 MP: 2/2
   152 | D:1      | Reached XP level 2. HP: 12/20 MP: 3/3
   901 | D:1      | Reached skill level 1 in Unarmed Combat
   953 | D:1      | Reached XP level 3. HP: 22/26 MP: 1/4
  1460 | D:1      | Slain by an adder

Skill      XL: |  1  2  3 |
---------------+----------+-----
Unarmed Combat | 1 |  1.5
Dodging        | 2 |  2.0
Fighting       | |  0.2
Stealth        | |  2.3
Spellcasting   | |  1.8
Necromancy     | |  4.6

Action                   || total
-------------------------++-------
Melee: Unarmed           ||   144
 Cast: Pain              ||    11
 Stab: Sleeping          ||     3
  Eat: Chunk             ||     9
Armor: Robe              ||    25
Dodge: Dodged            ||    96
